Map: [ESL] Oceanborn

Players

Gerald - Winner!

  • Race: Protoss Protoss
  • Spawn Location: 5:00

GunGFuBanDa

  • Race: Protoss Protoss
  • Spawn Location: 11:00

Event: ESL SC2 Masters 2023 Winter (Regional)

VOD

Have the link to the VOD?

Description

Time

  • Played on: Oct. 27, 2023, 12:22 p.m.
  • Length: 9:18

All games in this series

Show
View Real Time Build Order
Export as new Build Order

Gerald Protoss - Winner!

Build Orders: Oracle Opening 

Get SALT Encoding   

  12  0:00  Probe  
  13  0:12  Probe  
  14  0:17  Pylon  
  14  0:24  Probe (Chrono Boost)  
  16  0:36  Probe (Chrono Boost)  
  16  0:38  Gateway  
  16  0:43  Probe (Chrono Boost)  
  16  0:45  Assimilator  
  17  0:51  Probe  
  17  0:54  Assimilator  
  18  1:03  Probe (Chrono Boost)  
  19  1:07  Gateway  
  19  1:13  Probe (Chrono Boost)  
  19  1:17  Probe (Chrono Boost)  
  20  1:25  Cybernetics Core  
  21  1:29  Probe  
  22  1:33  Pylon  
  22  1:41  Probe  
  24  1:54  Probe  
  24  2:01  Stargate  
  24  2:03  Adept x2  
  29  2:09  Warp Gate  
  29  2:10  Probe  
  29  2:17  Pylon  
  29  2:22  Probe  
  29  2:38  Probe  
  29  2:41  Oracle (Chrono Boost)  
  30  2:46  Stalker  
  30  2:48  Shield Battery  
  35  2:56  Stalker  
  37  3:04  Pylon  
  35  3:28  Nexus  
  35  3:34  Shield Battery  
  33  3:46  Gateway  
  33  3:54  Oracle (Chrono Boost)  
  34  3:59  Stalker  
  34  4:00  Stalker  
  37  4:17  Probe  
  37  4:20  Twilight Council  
  37  4:23  Stalker  
  40  4:30  Stalker, Probe  
  43  4:42  Stalker, Probe  
  46  4:46  Probe  
  46  4:52  Blink (Chrono Boost)  
  47  4:54  Probe  
  47  4:58  Probe  
  49  5:11  Probe (Chrono Boost)  
  51  5:16  Stalker  
  51  5:17  Probe (Chrono Boost)  
  51  5:18  Assimilator  
  51  5:20  Pylon  
  53  5:26  Probe (Chrono Boost)  
  54  5:38  Probe  
  54  5:39  Probe  
  56  5:44  Stalker x3  
  56  5:47  Pylon  
  62  5:55  Robotics Facility  
  62  6:02  Probe x2  
  61  6:09  Adept x2  
  65  6:14  Pylon  
  65  6:22  Nexus  
  65  6:23  Probe  
  66  6:28  Probe  
  67  6:35  Probe  
  68  6:40  Probe  
  68  6:43  Observer, Pylon  
  68  6:45  Gateway  
  70  6:47  Probe, Stalker  
  70  6:53  Probe  
  74  6:55  Charge (Chrono Boost)  
  74  6:59  Probe  
  75  7:01  Gateway  
  75  7:04  Gateway  
  75  7:12  Gateway, Probe  
  76  7:22  Probe  
  77  7:26  Probe  
  78  7:31  Gateway  
  78  7:33  Stalker  
  78  7:34  Gateway  
  80  7:47  Warp Prism (Chrono Boost)  
  80  7:48  Probe  
  80  7:50  Zealot x3  
  85  8:04  Forge  
  85  8:05  Shield Battery  
  85  8:06  Zealot x3  
  91  8:13  Observer (Chrono Boost)  
  90  8:21  Templar Archives  
  90  8:22  Zealot x4  
  98  8:39  Assimilator  
  98  8:42  Pylon x2  
  98  8:45  Pylon  
  98  8:57  Zealot  
  98  9:00  Zealot x8  
Show
View Real Time Build Order
Export as new Build Order

GunGFuBanDa Protoss 

Build Orders: Oracle Opening, Phoenix Opening 

Get SALT Encoding   

  12  0:00  Probe  
  13  0:12  Probe  
  14  0:17  Pylon  
  14  0:24  Probe (Chrono Boost)  
  16  0:37  Gateway, Probe (Chrono Boost)  
  16  0:43  Probe (Chrono Boost)  
  16  0:46  Assimilator  
  17  0:51  Probe  
  17  0:54  Assimilator  
  18  1:03  Probe (Chrono Boost)  
  19  1:07  Gateway  
  19  1:12  Probe (Chrono Boost)  
  19  1:17  Probe (Chrono Boost)  
  20  1:24  Cybernetics Core  
  21  1:29  Probe  
  22  1:35  Pylon  
  22  1:41  Probe  
  23  1:54  Probe  
  23  2:01  Stalker x2  
  28  2:02  Warp Gate  
  28  2:12  Pylon  
  29  2:22  Stargate  
  28  2:34  Stalker  
  30  2:40  Stalker  
  30  2:41  Probe  
  33  3:04  Phoenix (Chrono Boost)  
  35  3:06  Shield Battery  
  32  3:17  Probe  
  33  3:29  Probe  
  34  3:41  Probe  
  33  3:55  Oracle  
  36  3:56  Nexus  
  36  4:01  Probe  
  37  4:11  Pylon  
  37  4:19  Probe (Chrono Boost)  
  38  4:28  Probe (Chrono Boost)  
  39  4:33  Probe (Chrono Boost)  
  39  4:36  Robotics Facility  
  40  4:43  Shield Battery  
  40  4:45  Probe  
  41  4:57  Probe  
  42  5:09  Probe (Chrono Boost)  
  42  5:13  Sentry  
  46  5:15  Sentry, Probe (Chrono Boost)  
  46  5:19  Probe (Chrono Boost)  
  49  5:23  Probe (Chrono Boost)  
  49  5:24  Probe (Chrono Boost)  
  49  5:26  Immortal (Chrono Boost)  
  51  5:34  Probe  
  56  5:36  Probe  
  56  5:40  Forge  
  57  5:46  Probe  
  57  5:48  Probe  
  59  5:50  Pylon  
  59  6:03  Probe x2  
  61  6:05  Assimilator, Immortal (Chrono Boost)  
  61  6:11  Protoss Ground Weapons Level 1 (Chrono Boost)  
  65  6:15  Probe x2  
  67  6:28  Probe  
  67  6:30  Probe  
  69  6:32  Pylon  
  69  6:37  Observer  
  69  6:38  Pylon  
  70  6:43  Cybernetics Core  
  70  6:58  Stalker x2  
  73  7:02  Probe  
  73  7:07  Immortal  
  78  7:11  Twilight Council  
  78  7:21  Probe  
  78  7:22  Nexus  
  77  7:23  Stalker x2  
  77  7:24  Pylon  
  80  7:42  Nexus, Probe  
  80  7:54  Immortal, Shield Battery  
  84  8:00  Nexus, Probe  
  84  8:01  Shield Battery, Probe  
  84  8:04  Assimilator  
  86  8:09  Pylon  
  86  8:13  Probe (Chrono Boost)  
  86  8:15  Probe (Chrono Boost)  
  88  8:25  Robotics Bay, Probe (Chrono Boost)  
  90  8:30  Probe (Chrono Boost)  
  90  8:32  Probe (Chrono Boost)  
  91  8:35  Gateway  
  91  8:36  Gateway  
  91  8:37  Probe (Chrono Boost)  
  91  8:38  Observer  
  93  8:45  Probe (Chrono Boost)  
  93  8:46  Probe (Chrono Boost)  
  94  8:48  Gateway  
  94  8:49  Sentry  
  94  8:50  Gateway  
  94  8:51  Probe x2 (Chrono Boost)  
  98  9:03  Probe x2  
Tags
 
Add a new tag
Caveats
  • Supply blocks, unpowered buildings, or Contaminate may cause inaccurate times.
  • Supply counts are checked every 10 seconds.